 Dungeon Crawl Stone Soup version 0.26.1-11-gd32895ea62 (webtiles) character file.

Game seed: 6391600211426346480

482 Zeld the Digger (level 7, -12/36 HPs)
             Began as a Gargoyle Earth Elementalist on Sept 30, 2021.
             Was an Initiate of Gozag.
             Killed from afar by Ijyb (20 damage)
             ... with a bolt of acid
             ... on level 5 of the Dungeon.
             The game lasted 00:06:09 (6397 turns).

Zeld the Digger (Gargoyle Earth Elementalist)       Turns: 6397, Time: 00:06:10

Health: -12/36     AC:  3    Str: 12    XL:     7   Next: 12%
Magic:  5/12       EV: 12    Int: 17    God:    Gozag
Gold:   118        SH:  0    Dex: 10    Spells: 3/13 levels left

rFire    . . .     SeeInvis .   (no weapon)
rCold    . . .     Faith    .   (no shield)
rNeg     + . .     Spirit   .   c - +0 robe
rPois    ∞         Reflect  .   (no helmet)
rElec    +         Harm     .   (no cloak)
rCorr    .         Rampage  .   (no gloves)
Will     .....                  (no boots)
Stlth    ++........             (no amulet)
HPRegen  0.12/turn              (no ring)
MPRegen  0.13/turn              (no ring)

@: corroded, gold aura
A: negative energy resistance 1, electricity resistance, unbreathing,
petrification resistance, miasma immunity, AC +4
a: Renounce Religion, Potion Petition, Call Merchant, Bribe Branch


You were on level 5 of the Dungeon.
You worshipped Gozag.
Gozag was aware of your devotion.
You visited 2 branches of the dungeon, and saw 6 of its levels.

You collected 145 gold pieces.
You paid 27 gold pieces to Gozag.

Inventory:

Armour
 c - a +0 robe (worn)
Jewellery
 k - a cursed ring of teleportation {unknown}
 u - a cursed ring of attention {unknown}
Wands
 q - a wand of flame (19)
Scrolls
 b - 2 scrolls of enchant armour {unknown}
 d - 4 scrolls of remove curse {unknown}
 f - 7 scrolls of identify {unknown}
 j - 2 scrolls of immolation {unknown}
 m - a scroll of blinking {unknown}
 n - 2 scrolls of teleportation {unknown}
Potions
 e - a potion of flight {unknown}
 g - 5 potions of curing {unknown}
 h - a potion of heal wounds {unknown}
 i - a potion of magic {unknown}
 l - 2 potions of resistance {unknown}
 o - a potion of brilliance {unknown}
 p - a potion of might {unknown}
 r - 5 potions of mutation {unknown}
 t - a potion of berserk rage {unknown}


   Skills:
 + Level 2.5 Armour
 + Level 2.5 Dodging
 + Level 3.7 Stealth
 * Level 3.8 Spellcasting
 + Level 2.1 Conjurations
 - Level 1.0 Transmutations
 * Level 5.6 Earth Magic


You had 3 spell levels left.
You knew the following spells:

 Your Spells              Type           Power        Failure   Level
a - Sandblast             Erth           44%          1%          1
b - Passwall              Tmut/Erth      11%          6%          2
c - Stone Arrow           Conj/Erth      32%          10%         3
d - Petrify               Tmut/Erth      14%          38%         4

Your spell library contained the following spells:

 Spells                   Type           Power        Failure   Level
 Lee's Rapid Deconstruct  Erth           11%          41%         5


Dungeon Overview and Level Annotations

Branches:
Dungeon (5/15)             Temple (1/1) D:4

Altars:
Ashenzari
Dithmenos
Elyvilon
Fedhas
Gozag
Nemelex Xobeh
Okawaru
Qazlal
Ru
Sif Muna
Uskayaw
Vehumet
Wu Jian
Xom
Yredelemnul
The Shining One

Annotations:
D:5 Ijyb


Innate Abilities, Weirdness & Mutations

You are resistant to torment.
Your stone body is resilient. (AC +4)
You are immune to poison.
You resist negative energy. (rN+)
You are resistant to electric shocks. (rElec)
You can survive without breathing.
You are immune to petrification.
You are immune to miasma.


Message History

A frilled lizard comes into view.
The frilled lizard hisses angrily.
There is a stone staircase leading up here.
Casting: Stone Arrow (quite dangerous; 10% risk of failure)
Confirm with . or Enter, or press ? or * to list all spells.
The spell is quite dangerous to cast (10% risk of failure)!
Continue anyway? [Y]es or [N]o only, please.
The spell is quite dangerous to cast (10% risk of failure)!
Continue anyway?
Aiming: Stone Arrow (quite dangerous; 10% risk of failure)
Press: ? - help, Shift-Dir - straight line, f/p - adder
Aim: an adder (almost dead, 52% to evade)
The stone arrow hits the adder.
You kill the adder!
Ijyb zaps a wand.
The bolt of acid hits you! The acid corrodes you!
You are splashed with acid!
* * * LOW HITPOINT WARNING * * *
Ijyb zaps a wand.
The bolt of acid hits you!!
Ouch! That really hurt!
You die...
Your body crumbles into a pile of gold.

...........#
+...............#
...........#
#.......#.......#
...........#
#.......#'###..##
.....#######
##+#.......##..###+
.....# #.......#.......
.....#. ...
#.......#....... .....+
. (.. #.......#.......
#.
#.#####...l...########
##.###.##.@..#'#####
#.......#.$..#...
#.......#....#...# #.
+.......#....#...# ..
#.......g....#...#
####.
##.###'##....#+###
#....###+###.#####.....
$
#...............#.....
#...............#.[...


You could see Ijyb and a frilled lizard.

Vanquished Creatures
  2 scorpions
  2 bullfrog zombies (D:5)
  An orc priest (D:3)
  An iguana (D:4)
  3 worker ants
  Natasha (thrice) (D:3)
  2 adders
  A shadow imp (D:5)
  2 oozes
  A worm (D:2)
  3 dart slugs
  A leopard gecko (D:3)
  8 orcs
  8 giant cockroaches
  A hobgoblin (D:1)
  4 jackals
  3 kobolds
  8 bats
  5 frilled lizards
  6 goblins
  11 rats
76 creatures vanquished.

Notes
Turn   | Place    | Note
-------+----------+-------------------------------------------
     0 | D:1      | Zeld the Gargoyle Earth Elementalist began the quest for
                  | the Orb.
     0 | D:1      | Reached XP level 1. HP: 10/10 MP: 3/3
   107 | D:1      | Reached XP level 2. HP: 15/15 MP: 3/5
   114 | D:1      | Learned a level 2 spell: Passwall
   342 | D:1      | You fall into a shaft and drop 1 floor!
   390 | D:2      | Reached skill level 1 in Transmutations
   479 | D:2      | Reached skill level 4 in Earth Magic
   545 | D:2      | Reached XP level 3. HP: 19/19 MP: 3/6
   551 | D:2      | Learned a level 3 spell: Stone Arrow
  1126 | D:2      | Reached skill level 1 in Armour
  1424 | D:2      | Reached XP level 4. HP: 24/24 MP: 1/8
  1634 | D:2      | Found a shadowy altar of Dithmenos.
  2324 | D:3      | Reached skill level 1 in Conjurations
  2449 | D:3      | Reached XP level 5. HP: 25/28 MP: 5/9
  2795 | D:3      | Found a radiant altar of Vehumet.
  2802 | D:3      | Found an ornate altar of the Wu Jian Council.
  3009 | D:3      | Noticed Natasha
  3018 | D:3      | Killed Natasha
  3701 | D:3      | Noticed Natasha
  4027 | D:3      | Killed Natasha
  4287 | D:3      | Noticed Natasha
  4289 | D:3      | Killed Natasha
  4290 | D:3      | Reached skill level 5 in Earth Magic
  4530 | D:3      | Found a radiant altar of Vehumet.
  4537 | D:3      | Found an ornate altar of the Wu Jian Council.
  4892 | D:4      | Reached XP level 6. HP: 25/32 MP: 4/10
  4897 | D:4      | Learned a level 4 spell: Petrify
  5354 | D:4      | Found a staircase to the Ecumenical Temple.
  5899 | Temple   | Entered the Ecumenical Temple
  5938 | Temple   | Became a worshipper of Gozag Ym Sagoz the Greedy
  5975 | D:5      | Entered Level 5 of the Dungeon
  6284 | D:5      | Reached XP level 7. HP: 36/36 MP: 2/12
  6379 | D:5      | Noticed Ijyb
  6397 | D:5      | Killed from afar by Ijyb

Illustrated notes

Levels and vault maps discovered:
D:1:      minmay_arrival_up_and_down, layout_loops_ring
D:2:      layout_basic, nicolae_dithmenos_through_a_glass_darkly,
          minmay_worlds_worst_comb
D:3:      layout_basic, amethyst_overflow_temple_binary, grunt_ministairs_14,
          hangedman_decor_push, minivault_23, minmay_misc_feat_rugged,
          minmay_starry_boxes, uniq_natasha
D:4:      layout_loops_corners, minmay_temple_entry_crystal_x,
          amcnicky_mini_rare_corridor_liquid
D:5:      layout_gridville, uniq_ijyb
Temple:   nicolae_temple_god_jail

Skill      XL: |  1  2  3  4  5  6 |
---------------+-------------------+-----
Transmutations | 1 |  1.0
Earth Magic    | 4 5 |  5.6
Armour         | 1 2 |  2.5
Conjurations   | 1 2 |  2.1
Dodging        | 2 |  2.5
Stealth        | 3 |  3.7
Spellcasting   | 3 |  3.8

Action                   |  1- 3 |  4- 6 |  7- 9 || total
-------------------------+-------+-------+-------++-------
Melee: Unarmed           |     5 |    40 |       ||    45
       Dagger            |       |     1 |       ||     1
 Cast: Sandblast         |    51 |    73 |       ||   124
       Stone Arrow       |       |    15 |     2 ||    17
Armor: Robe              |     7 |    30 |     1 ||    38
Dodge: Dodged            |    15 |    59 |     3 ||    77
